 Dungeon Crawl Stone Soup version 0.31.0-12-g77e489cdc1 (webtiles) character file.

Game seed: 4881859998709156217

181 Gadfly the Caller (level 5, -2/30 HPs)
             Began as a Tengu Summoner on Feb 23, 2024.
             Was an Initiate of Vehumet.
             Succumbed to a scorpion's poison
             ... on level 4 of the Dungeon.
             The game lasted 00:04:20 (2975 turns).

Gadfly the Caller (Tengu Summoner)                  Turns: 2975, Time: 00:04:21

Health: -2/30      AC:  3    Str: 14    XL:     5   Next: 61%
Magic:  8/10       EV: 28    Int: 18    God:    Vehumet [......]
Gold:   201        SH:  0    Dex: 14    Spells: 3/9 levels left

rFire   + . .        j - +1 short sword
rCold   . . .        (no shield)
rNeg    . . .        a - +0 robe
rPois   .            p - +1 hat
rElec   .            (no cloak)
rCorr   .            (no gloves)
SInv    .            (boots unavailable)
Will    .....        (no amulet)
Stlth   ++           m - +6 ring of strength
HPRegen 0.25/turn    q - ring of protection from fire
MPRegen 0.12/turn

%: acrobat
@: lethally poisoned (-2 -> -14), acrobatic, invisible, inugami summoned
A: beak, talons 3, acrobatic
a: Renounce Religion


You were on level 4 of the Dungeon.
You worshipped Vehumet.
Vehumet was noncommittal.
You visited 1 branch of the dungeon, and saw 4 of its levels.

You collected 266 gold pieces.
You spent 65 gold pieces at shops.

Inventory:

Hand Weapons
 j - a +1 short sword (weapon)
Armour
 a - a +0 robe (worn)
 p - a +1 hat (worn)
Jewellery
 m - a +6 ring of strength (left hand)
 q - a ring of protection from fire (right hand)
 r - a ring of resist corrosion
Wands
 o - a wand of flame (10)
Scrolls
 d - a scroll of fog
 i - 2 scrolls of teleportation
 k - 3 scrolls of identify
 l - a scroll of revelation
 n - a scroll of immolation
Potions
 b - 2 potions of magic
 c - a potion of cancellation
 e - a potion of brilliance
 f - 2 potions of berserk rage
 g - a potion of enlightenment
 h - 2 potions of resistance
 s - a potion of invisibility


   Skills:
 + Level 1.9 Fighting
 + Level 3.2 Dodging
 - Level 2.0 Stealth
 + Level 2.8 Spellcasting
 + Level 1.3 Conjurations
 + Level 5.5 Summonings
 + Level 1.2 Air Magic
 + Level 1.9 Evocations


You had 3 spell levels left.
You knew the following spells:

 Your Spells              Type           Power      Damage    Failure   Level
a - Summon Small Mammal   Summ           88%        N/A       1%          1
b - Call Imp              Summ           44%        N/A       2%          2
c - Call Canine Familiar  Summ           22%        N/A       5%          3

Your spell library contained the following spells:

 Spells                   Type           Power      Damage    Failure   Level
 Summon Lightning Spire   Summ/Air       14%        N/A       38%         4
 Summon Blazeheart Golem  Fire/Summ      12%        N/A       47%         4


Dungeon Overview and Level Annotations

Branches:
Dungeon (4/15)
 Temple: D:4-7

Altars:
Fedhas
Trog
Uskayaw
Vehumet

Shops:
D:2 ?

Annotations:
D:3 3 runed translucent doors, PaiMei's ghost, weakling DsNe; VoidStrider's ghost, amateur TeAE; hawla's ghost, amateur MiFi; kelmen2's ghost, amateur MiBe; superradish's ghost, amateur OpSh


Innate Abilities, Weirdness & Mutations

You have a beak for a mouth.
You have claws for feet.
You can magically evade attacks while moving or waiting.


Message History

There is a stone staircase leading down here.
A scorpion comes into view.
Found a peridot ring.
A scorpion is nearby!
A scorpion is nearby!
Found 5 stones.
You call for your canine familiar and it appears with a howl!
The scorpion stings you!
The scorpion stings you but does no damage.
You closely miss the scorpion. The scorpion stings you.
You hit the scorpion but do no damage.
You claw the scorpion, but do no damage.
The scorpion closely misses you.
You barely miss the scorpion. The scorpion stings you.
You hit the scorpion but do no damage. Your kick misses the scorpion.
The scorpion stings you but does no damage.
You hit the scorpion but do no damage.
You claw the scorpion, but do no damage.
The scorpion stings you.
You are poisoned.
The scorpion poisons you! The scorpion barely misses you.
You hit the scorpion. Your kick misses the scorpion.
The scorpion is moderately wounded.
You feel very sick. The scorpion stings you.
* * * LOW HITPOINT WARNING * * *
You are lethally poisoned!
The scorpion poisons you!
You swap places.
* * * LOW HITPOINT WARNING * * *
You feel very sick. The scorpion stings your inugami.
Your inugami barely misses the scorpion.
It was a potion of invisibility.
You fade into invisibility!
* * * LOW HITPOINT WARNING * * *
You feel very sick.
The scorpion barely misses your inugami.
Your inugami hits the scorpion but does no damage.
You die...

##.......# #.#
##.......# #.#
##.......####.#########
........†.....>.......#
.##..########.######.##
.#...# #.# #.# .#..##
#.######.# .+..#
#.##.....# #+#.###
#.##@##### +_'...#
#.##.# #'#.#.# #.##h#
..#.#.# #.##s# #.#.#.#
#.##.# #.#.#.# #(##.#
#.#...# #.##=#
#.###########.##.#
..............##(#


You could see a scorpion (unable to see you, ally target) and a friendly inugami
(summoned).

Vanquished Creatures
  A scorpion (D:4)
  An adder (D:3)
  A dart slug (D:1)
  3 ribbon worms
  4 ball pythons
  5 endoplasms
  2 giant cockroaches
  4 hobgoblins
  2 jackals (D:3)
  2 quokkas
  11 bats
  6 frilled lizards
  6 goblins
  5 kobolds
  A rat (D:2)
54 creatures vanquished.

Vanquished Creatures (collateral kills)
  An iguana (D:4)
  An adder (D:4)
  An endoplasm (D:4)
  2 hobgoblins
  2 jackals (D:3)
  A ball python (D:1)
  A frilled lizard (D:2)
  3 goblins
  A rat (D:1)
13 creatures vanquished.

Grand Total: 67 creatures vanquished

Notes
Turn   | Place    | Note
-------+----------+-------------------------------------------
     0 | D:1      | Gadfly the Tengu Summoner began the quest for the Orb.
     0 | D:1      | Reached XP level 1. HP: 10/10 MP: 4/4
   313 | D:1      | Reached XP level 2. HP: 16/16 MP: 6/6
   383 | D:1      | Reached skill level 5 in Summonings
   502 | D:1      | Reached XP level 3. HP: 16/20 MP: 7/7
   508 | D:1      | Learned a level 2 spell: Call Imp
   512 | D:1      | Learned a level 3 spell: Call Canine Familiar
   638 | D:2      | Reached skill level 1 in Evocations
   682 | D:2      | Reached skill level 1 in Fighting
   762 | D:2      | Found Osarhem's Magic Scroll Boutique.
   801 | D:2      | Bought a scroll of teleportation for 39 gold pieces
   801 | D:2      | Bought a scroll of identify for 26 gold pieces
  1743 | D:3      | Found a runed translucent gate.
  1744 | D:3      | Found a runed translucent gate.
  1786 | D:3      | Reached XP level 4. HP: 25/25 MP: 8/8
  1826 | D:3      | Found a runed translucent gate.
  1827 | D:3      | Noticed PaiMei's ghost (weakling DsNe)
  1827 | D:3      | Noticed kelmen2's ghost (amateur MiBe)
  1827 | D:3      | Noticed hawla's ghost (amateur MiFi)
  1828 | D:3      | Noticed superradish's ghost (amateur OpSh)
  1828 | D:3      | Noticed VoidStrider's ghost (amateur TeAE)
  2048 | D:3      | Found a radiant altar of Vehumet.
  2049 | D:3      | Found a blossoming altar of Fedhas.
  2049 | D:3      | Found a hide-covered altar of Uskayaw.
  2104 | D:3      | Became a worshipper of Vehumet
  2713 | D:4      | Reached XP level 5. HP: 30/30 MP: 8/10
  2798 | D:4      | Reached skill level 1 in Conjurations
  2798 | D:4      | Reached skill level 1 in Air Magic
  2900 | D:4      | Found a bloodstained altar of Trog.
  2974 | D:4      | HP: 1/30 [poisoned by a scorpion]
  2975 | D:4      | Succumbed to a scorpion's poison

Illustrated notes

Levels and vault maps discovered:
D:1:      dpeg_arrival_fog, layout_basic
D:2:      layout_loops_cross, serial_shops, nicolae_shop_statue_plus,
          minmay_misc_feat_doors
D:3:      layout_basic, chequers_temple_overflow_statue_of_worship,
          gammafunk_ghost_cemetery
D:4:      kennysheep_kobold_camp, layout_basic, kennysheep_mini

Skill      XL: |  1  2  3  4  5 |
---------------+----------------+-----
Summonings     | 5 |  5.5
Evocations     | 1 |  1.9
Fighting       | 1 |  1.9
Dodging        | 3 |  3.2
Conjurations   | 1 |  1.3
Air Magic      | 1 |  1.2
Stealth        | |  2.0
Spellcasting   | |  2.8

Action                     |  1- 3 |  4- 6 || total
---------------------------+-------+-------++-------
  Melee: Dagger            |    20 |       ||    20
         Kick              |    14 |    13 ||    27
         Peck              |    11 |    10 ||    21
         Unarmed           |     2 |       ||     2
         Short sword       |    67 |    48 ||   115
         Punch             |       |     1 ||     1
   Cast: Summon Small Mamm |    10 |       ||    10
         Call Imp          |     6 |     7 ||    13
         Call Canine Famil |       |     2 ||     2
    Use: Scroll            |     8 |     1 ||     9
         Potion            |     3 |     1 ||     4
   Stab: Sleeping          |     6 |     1 ||     7
 Armour: Robe              |    41 |    29 ||    70
  Dodge: Dodged            |    68 |    44 ||   112
